Map: Frozen Temple

Players

Miszu - Winner!

  • Race: Protoss Protoss
  • League: Master

NeXa

  • Race: Protoss Protoss
  • League: Master

VOD

Have the link to the VOD?

Description

Time

  • Played on: June 1, 2016, 3:22 p.m.
  • Length: 11:11
Show
View Real Time Build Order
Export as new Build Order

Miszu Protoss - Winner!

Build Orders:  

Get SALT Encoding   

  12  0:01  Probe (Chrono Boost)  
  13  0:11  Probe (Chrono Boost)  
  14  0:19  Pylon  
  14  0:22  Probe (Chrono Boost)  
  15  0:37  Probe (Chrono Boost)  
  15  0:38  Gateway  
  16  0:46  Assimilator  
  16  0:47  Probe (Chrono Boost)  
  17  0:58  Probe (Chrono Boost)  
  17  1:03  Gateway  
  18  1:09  Probe (Chrono Boost)  
  19  1:19  Probe (Chrono Boost)  
  20  1:25  Cybernetics Core  
  20  1:39  Pylon  
  20  1:41  Probe (Chrono Boost)  
  21  1:52  Probe (Chrono Boost)  
  22  2:05  Adept x2, Warp Gate (Chrono Boost)  
  26  2:17  Nexus  
  26  2:21  Assimilator  
  26  2:32  Stalker  
  26  2:37  Stalker  
  30  2:47  Pylon  
  30  3:08  Stalker x2  
  30  3:12  Mothership Core  
  36  3:19  Gateway  
  36  3:33  Probe  
  37  3:38  Probe  
  38  3:45  Probe  
  37  3:49  Robotics Facility, Probe  
  36  3:58  Pylon  
  36  4:00  Probe  
  36  4:01  Probe  
  38  4:11  Probe  
  38  4:13  Probe  
  40  4:21  Probe  
  41  4:27  Probe  
  41  4:29  Stalker  
  41  4:30  Stalker  
  46  4:32  Probe  
  46  4:37  Observer  
  48  4:38  Twilight Council  
  48  4:40  Probe  
  48  4:42  Probe  
  48  4:43  Pylon  
  50  4:52  Probe  
  51  4:55  Probe  
  52  5:00  Observer (Chrono Boost)  
  52  5:01  Forge  
  52  5:04  Probe  
  52  5:06  Probe  
  54  5:08  Assimilator  
  54  5:09  Assimilator  
  55  5:20  Immortal (Chrono Boost)  
  59  5:32  Probe  
  59  5:33  Probe  
  61  5:36  Protoss Ground Weapons Level 1  
  61  5:38  Blink (Chrono Boost)  
  61  5:42  Pylon  
  61  5:44  Probe  
  61  5:45  Probe  
  61  5:49  Immortal  
  63  5:54  Pylon  
  63  5:56  Probe  
  68  6:05  Probe  
  69  6:11  Gateway  
  69  6:13  Gateway  
  69  6:14  Gateway  
  69  6:16  Probe  
  69  6:17  Probe  
  71  6:23  Photon Cannon  
  70  6:25  Pylon  
  70  6:29  Photon Cannon  
  70  6:40  Stalker x3  
  70  6:43  Immortal  
  80  7:05  Stalker x3  
  86  7:18  Photon Cannon  
  86  7:20  Stalker  
  86  7:21  Stalker x2  
  92  7:35  Protoss Ground Weapons Level 2  
  92  7:36  Stalker  
  94  7:43  Pylon  
  94  7:44  Pylon  
  94  7:46  Pylon  
  94  8:01  Templar Archives  
  94  8:06  Nexus  
  94  8:07  Charge (Chrono Boost)  
  94  8:09  Pylon  
  94  8:13  Pylon  
  83  8:27  Immortal  
  83  8:31  Probe x2  
  81  8:42  High Templar x2  
  81  8:43  High Templar x2, Probe  
  81  8:45  Zealot x2  
  94  8:51  Archon x2  
  94  8:55  Gateway, Probe  
  95  8:56  Gateway  
  95  8:58  Probe  
  95  9:02  Immortal  
  100  9:21  Probe  
  100  9:22  Probe x2  
  102  9:29  Zealot  
  104  9:33  High Templar x2  
  104  9:34  Probe, Zealot  
  104  9:36  Immortal  
  110  9:43  Pylon  
  114  9:49  Archon  
  114  9:55  Zealot x3  
  114  9:56  Zealot x3  
  126  10:13  Observer, Zealot x2  
  130  10:20  Zealot x5  
  140  10:24  Mothership Core  
  97  11:04  Zealot  
  97  11:05  Zealot x7  
  97  11:09  Gateway  
  114  11:10  Pylon  
Show
View Real Time Build Order
Export as new Build Order

NeXa Protoss 

Build Orders: Oracle Opening 

Get SALT Encoding   

  12  0:01  Probe (Chrono Boost)  
  13  0:11  Probe (Chrono Boost)  
  14  0:19  Pylon  
  14  0:22  Probe (Chrono Boost)  
  15  0:37  Probe (Chrono Boost)  
  15  0:40  Gateway  
  16  0:43  Assimilator  
  16  0:48  Probe (Chrono Boost)  
  17  0:55  Assimilator  
  17  0:58  Probe (Chrono Boost)  
  18  1:06  Gateway  
  18  1:10  Probe (Chrono Boost)  
  19  1:21  Probe (Chrono Boost)  
  20  1:27  Cybernetics Core  
  20  1:31  Probe (Chrono Boost)  
  21  1:42  Probe (Chrono Boost)  
  21  1:45  Pylon  
  22  1:54  Probe (Chrono Boost)  
  23  2:05  Stalker  
  24  2:09  Stalker  
  24  2:12  Warp Gate (Chrono Boost)  
  26  2:16  Mothership Core  
  28  2:24  Pylon  
  28  2:37  Stargate  
  28  2:44  Probe  
  29  2:55  Stalker x2  
  29  2:56  Probe  
  34  3:20  Oracle (Chrono Boost)  
  37  3:34  Nexus  
  37  3:40  Pylon  
  37  3:55  Robotics Facility  
  37  3:58  Probe (Chrono Boost)  
  38  4:08  Probe (Chrono Boost)  
  38  4:09  Phoenix  
  41  4:32  Probe (Chrono Boost)  
  41  4:34  Phoenix  
  44  4:41  Pylon  
  44  4:46  Immortal  
  44  4:48  Probe x2 (Chrono Boost)  
  50  4:59  Probe x2 (Chrono Boost)  
  52  5:07  Phoenix  
  52  5:09  Probe (Chrono Boost)  
  52  5:10  Probe (Chrono Boost)  
  56  5:20  Probe x2 (Chrono Boost)  
  58  5:23  Assimilator  
  58  5:26  Assimilator  
  58  5:27  Observer  
  59  5:31  Probe x2 (Chrono Boost)  
  61  5:38  Phoenix  
  63  5:44  Pylon  
  63  5:45  Probe x2 (Chrono Boost)  
  63  5:48  Observer  
  66  5:56  Probe x2 (Chrono Boost)  
  68  6:06  Probe x2 (Chrono Boost)  
  68  6:07  Twilight Council, Phoenix  
  72  6:14  Immortal  
  72  6:17  Probe (Chrono Boost)  
  77  6:30  Pylon  
  77  6:32  Pylon  
  77  6:39  Probe (Chrono Boost)  
  78  6:41  Nexus  
  78  6:45  Pylon  
  78  6:50  Charge (Chrono Boost)  
  78  7:02  Immortal (Chrono Boost)  
  79  7:14  Gateway  
  78  7:17  Gateway  
  78  7:21  Gateway  
  78  7:29  Zealot x2  
  82  7:34  Immortal  
  86  7:48  Phoenix  
  88  7:55  Pylon  
  88  7:57  Sentry x2  
  88  7:58  Pylon  
  92  8:08  Immortal  
  95  8:21  Zealot x3  
  95  8:25  Zealot x2  
  89  8:42  Immortal, Pylon, Phoenix  
  89  8:45  Probe x2 (Chrono Boost)  
  97  8:51  Zealot x5  
  107  8:56  Probe (Chrono Boost)  
  107  8:57  Probe (Chrono Boost)  
  107  8:59  Probe (Chrono Boost)  
  110  9:03  Templar Archives  
  110  9:06  Probe (Chrono Boost)  
  110  9:07  Probe (Chrono Boost)  
  113  9:11  Probe (Chrono Boost)  
  113  9:18  Immortal  
  115  9:27  Forge, Probe (Chrono Boost)  
  115  9:28  Forge  
  115  9:30  Phoenix  
  118  9:41  High Templar x3  
  118  9:42  High Templar x2  
  128  9:45  Assimilator  
  128  9:48  Archon x2, Probe x2 (Chrono Boost)  
  128  9:49  Probe (Chrono Boost), Assimilator  
  128  9:52  Robotics Facility  
  131  10:04  Probe x3  
  134  10:11  Photon Cannon  
  134  10:15  Photon Cannon  
  134  10:18  Phoenix  
  134  10:19  Photon Cannon  
  136  10:32  Zealot x2  
  138  10:47  Zealot x3  
  118  10:55  Zealot x2  
Tags
 
Add a new tag
Caveats
  • Supply blocks, unpowered buildings, or Contaminate may cause inaccurate times.
  • Supply counts are checked every 10 seconds.